 Dungeon Crawl Stone Soup version 0.18.1-1-g2f07953 (webtiles) character file.

256438 Eucla the Executioner (level 19, 0/182 HPs)
             Began as a Hill Orc Berserker on May 7, 2016.
             Was a High Priest of Trog.
             Slain by a merfolk impaler
             ... wielding a +0 trident
              (3 damage)
             ... on level 4 of the Shoals.
             The game lasted 01:16:17 (39724 turns).

Eucla the Executioner (Hill Orc Berserker)         Turns: 39724, Time: 01:16:18

Health: 0/182      AC: 49    Str: 28    XL:     19   Next: 81%
Magic:  19/19      EV: 15    Int: 10    God:    Trog [*****.]
Gold:   2169       SH:  0    Dex: 15    Spells: 0 memorised, 18 levels left

rFire  + . .     SeeInvis .     O - +7 executioner's axe (holy)
rCold  . . .     Gourm    .     a - +10 plate armour "Sous" {Stlth+}
rNeg   . . .     Faith    +     (shield currently unavailable)
rPois  .         Spirit   .     F - +2 helmet {Int+3}
rElec  .         Dismiss  .     H - +2 cloak {rF+}
rCorr  .         Reflect  .     M - +2 pair of gloves
SustAt .         Harm     .     l - +2 pair of boots
MR     +....                    v - amulet of faith
Stlth  ..........               E - +6 ring of strength
                                K - +3 ring of protection

@: lethally poisoned (0 -> -9), silence, very slightly contaminated, somewhat
resistant to hostile enchantments, extremely unstealthy
A: molten scales 1, rough black scales 1, regeneration 1
a: Renounce Religion
}: 2/15 runes: barnacled, gossamer


You were on level 4 of the Shoals.
You worshipped Trog.
Trog was extremely pleased with you.
You were not hungry.

You visited 5 branches of the dungeon, and saw 33 of its levels.
You visited the Abyss 1 time.
You also visited: Ice Cave and Volcano.

You collected 4408 gold pieces.
You spent 2183 gold pieces at shops.

Inventory:

Hand Weapons
 h - a +5 antimagic executioner's axe
 O - a +7 executioner's axe of holy wrath (weapon)
 Y - the +1 battleaxe of Trog's Condemnation {flame, rElec MR++ Dex-3 Stlth+}
   (Trog gifted it to you on level 3 of the Spider Nest)

   It has been specially enchanted to burn those struck by it, causing extra
   injury to most foes and up to half again as much damage against particularly
   susceptible opponents.
   Big, fiery blades are also staple armaments of hydra-hunters.
   It affects your dexterity (-3).
   It insulates you from electricity.
   It affects your resistance to hostile enchantments.
   It makes you more stealthy.
Armour
 a - the +10 plate armour "Sous" (worn) {Stlth+}
   (You found it on level 3 of the Shoals)

   It makes you more stealthy.
 l - a +2 pair of boots (worn)
 F - a +2 helmet of intelligence (worn)
 H - a +2 cloak of fire resistance (worn)
 M - a +2 pair of gloves (worn)
Jewellery
 r - an uncursed ring of see invisible
 v - an amulet of faith (around neck)
 D - an uncursed ring of protection from cold
 E - a +6 ring of strength (right hand)
 J - an uncursed ring of poison resistance
 K - a +3 ring of protection (left hand)
Wands
 L - a wand of digging (6/24)
 R - a wand of teleportation (3/9)
 X - a wand of digging (12/24)
Scrolls
 b - a scroll of holy word
 i - 8 scrolls of remove curse
 j - 3 scrolls of magic mapping
 k - 3 scrolls of identify
 q - 15 scrolls of teleportation
 s - 3 scrolls of silence
 u - 10 scrolls of enchant armour
 C - 7 scrolls of recharging
 N - a scroll of fear
Potions
 d - 2 potions of cure mutation
 e - 8 potions of haste
 f - 5 potions of brilliance
 n - 3 potions of magic
 p - 6 potions of flight
 t - 3 potions of invisibility
 x - a potion of curing
 z - 3 potions of agility
 B - 2 potions of resistance
 I - 2 potions of berserk rage
 P - a potion of experience
 S - a potion of might
 Z - 2 potions of cancellation
Miscellaneous
 w - a lamp of fire (inert)
 y - a plain deck of wonders {Wild Magic}
 A - a phial of floods (inert)
 V - a plain deck of wonders {drawn: 2}
Comestibles
 c - 15 bread rations
 g - a slice of pizza
 o - a beef jerky


   Skills:
 + Level 19.0 Fighting
 - Level 26.8 Axes
 * Level 15.3 Armour
 * Level 12.6 Dodging


You had 18 spell levels left.
You didn't know any spells.

Dungeon Overview and Level Annotations

Branches:
Dungeon (15/15)            Temple (0/1) D:5            Lair (8/8) D:8
 Shoals (4/4) Lair:3       Spider (4/4) Lair:3        Slime (0/6) Lair:8
    Orc (2/2) D:10            Elf (0/3) Orc:2        Vaults (0/5) D:13
 Depths (0/5) D:15

Altars:
Cheibriados
Dithmenos
Fedhas
Makhleb
Nemelex Xobeh
Pakellas
Trog
Xom
Yredelemnul
Zin
The Shining One
Beogh
Jiyva

Shops:
D:4 !*   D:9 *   D:11 *   D:12 :   Orc:2 [?([   Shoals:2 }   Shoals:4 [(!

Annotations:
Shoals:4 Ilsuiw


Innate Abilities, Weirdness & Mutations

You are partially covered in molten scales (AC +1).
You are partially covered in rough black scales (AC +4, Dex -1).
Your natural rate of healing is unusually fast.


Message History

Unknown command.
Unknown command.
* * * LOW HITPOINT WARNING * * *
You feel very sick.
Unknown command.
Unknown command.
* * * LOW HITPOINT WARNING * * *
You feel sick.
You see here a barnacled rune of Zot.
Unknown command.
Drink which item? (? for menu, Esc to quit)
Okay, then.
You pick up the barnacled rune and feel its power.
You now have 2 runes.
Press } to see all the runes you have collected.
* * * LOW HITPOINT WARNING * * *
You feel sick.
The merfolk impaler hits you but does no damage.
The merfolk impaler hits you from afar with a trident.
You die...

,≈≈≈#≈≈≈≈≈≈≈≈≈≈≈≈≈≈≈≈≈≈≈≈≈≈≈≈≈≈≈≈
,≈≈##≈≈≈≈≈≈≈≈≈≈≈≈≈≈≈≈≈≈≈≈≈≈≈≈≈≈≈≈
####≈≈≈≈≈≈≈≈≈≈≈≈≈≈≈≈≈≈≈≈≈≈≈≈≈≈≈≈≈
≈≈≈≈≈≈≈≈≈≈≈≈≈≈≈≈≈≈≈≈≈≈≈≈≈≈≈≈≈≈│≈≈
≈≈≈≈≈≈≈≈≈≈≈≈≈≈≈≈≈≈≈≈≈≈≈≈≈≈≈≈≈P│.P
≈≈≈≈≈≈≈≈≈≈≈≈≈≈#####≈≈≈≈≈≈≈≈P≈/C.P
≈≈≈≈≈≈≈≈≈≈≈≈≈##≈≈≈##≈≈≈≈≈≈≈≈│.)#*
≈≈≈m≈≈≈(≈m≈≈≈#≈≈≈≈≈#≈≈≈≈≈.).w.##.
/≈≈≈≈m≈≈≈((≈≈#(≈@≈≈#≈≈≈≈...(†.P#Y
≈≈≈≈≈≈≈≈≈m≈≈≈#≈≈≈≈≈#≈≈≈.###.<.?..
≈≈≈≈≈≈≈≈≈≈≈≈(##mm≈##≈≈..**##.P...
≈≈≈≈≈..m≈≈≈≈≈m##m##≈≈≈≈.,,*#..m.≈
≈≈≈......((((((mmm≈≈≈≈<≈,...##..≈
≈.....$...≈≈)≈≈m≈≈≈≈≈≈.≈≈≈..*#...
..........≈≈%≈≈≈≈≈≈≈≈..≈≈...,....
.........≈≈≈≈≈≈≈C≈≈≈m≈.≈....,..##
≈.......≈≈≈≈≈≈≈≈≈≈≈≈≈≈≈≈.P..,..#*


You could see a merfolk impaler, a merfolk javelineer, 4 merfolk, a cyclops and
a siren.

Vanquished Creatures
  Saint Roka (Orc:2)
  Rupert (Orc:2)
  Polyphemus (Shoals:2)
  Agnes (D:14)
  Gastronok (Lair:2)
  Kirke (D:13)
  Roxanne (D:14)
  Maud (D:10)
  A cacodemon (Abyss:2)
  2 orc warlords
  A ghost moth (Spider:4)
  9 emperor scorpions
  A stone giant (Orc:1)
  A deep elf annihilator (D:12)
  2 spark wasps
  6 merfolk javelineers
  2 fire dragons
  6 merfolk impalers
  8 vault guards (D:13)
  The ghost of Xorxand the Cleaver, a journeyman MiBe of Trog (D:11)
  Josephine (D:10)
  3 entropy weavers
  3 ice dragons
  Erolcha (D:13)
  2 catoblepae (Lair:8)
  Erica (D:8)
  7 hydras
  3 merfolk avatars
  An alligator snapping turtle (Shoals:4)
  7 centaur warriors
  A death knight (Abyss:2)
  2 merfolk aquamancers (Shoals:4)
  3 hell hogs (Abyss:2)
  6 death yaks
  A deep troll earth mage (D:12)
  3 tengu warriors
  2 satyrs (Shoals:2)
  2 thrashing horrors (Abyss:2)
  An orc high priest (Orc:2)
  Sonja (D:13)
  A deep elf knight (D:12)
  A slime creature (D:14)
  2 wretched stars (Abyss:2)
  A fire crab (Volcano)
  An unseen horror (D:13)
  5 sea snakes
  A flayed ghost (D:12)
  14 hill giants
  2 wizards
  The ghost of wxf the Covered, a novice MiFi of Okawaru (D:6)
  An orc knight (D:15)
  7 orb spiders
  4 deep elf magi
  A necromancer (D:11)
  25 wolf spiders
  An oklob plant (D:10)
  15 fauns
  2 orc sorcerers
  10 ugly things
  4 manticores
  2 hornets (Spider:4)
  A worldbinder (Abyss:2)
  7 griffons
  4 cyclopes
  A sixfirhy (D:14)
  4 moths of wrath
  6 centaur zombies
  23 elephants
  8 sirens
  A torpor snail (Spider:1)
  5 starcursed masses (Abyss:2)
  4 black mambas
  A smoke demon (Abyss:2)
  An orange demon (Spider:4)
  2 ice statues (IceCv)
  4 water nymphs
  16 spiny frogs
  Psyche (D:8)
  A gargoyle (D:15)
  A molten gargoyle (Volcano)
  4 kobold demonologists
  11 komodo dragons
  6 rime drakes
  A yaktaur (shapeshifter) (D:15)
  A hellwing (Abyss:2)
  A tengu conjurer (D:14)
  A freezing wraith (D:14)
  23 demonic crawlers
  2 spriggan druids (Lair:8)
  41 jumping spiders
  An ancient zyme (Abyss:2)
  8 trolls
  33 merfolk
  3 two-headed ogres
  3 polar bears (Lair:8)
  3 wind drakes
  A hornet zombie (D:15)
  5 snapping turtles
  A boulder beetle (Spider:2)
  A raiju (Abyss:2)
  17 blink frogs
  116 redbacks
  Sigmund (D:5)
  3 water elementals (Shoals:2)
  12 spriggans (Lair:8)
  39 tarantellas
  A vampire (D:14)
  20 yaks
  A shadow (D:15)
  4 fire bats (Volcano)
  A spriggan (shapeshifter) (D:14)
  4 wyverns
  4 hogs (D:13)
  Grum (D:8)
  5 wraiths (D:10)
  A human (D:7)
  13 hippogriffs
  6 basilisks
  3 golden eyes (Abyss:2)
  4 vampire mosquitoes (D:14)
  A hungry ghost (D:15)
  3 mottled dragons
  3 wargs (Orc:1)
  20 water moccasins
  11 porcupines
  A large abomination (Abyss:2)
  8 black bears
  40 orc warriors
  An eye of draining (D:13)
  16 ice beasts
  A phantom (D:7)
  A necrophage (D:10)
  2 sky beasts
  7 wasps
  A black mamba simulacrum (Abyss:2)
  39 wolves
  18 centaurs
  9 ogres
  19 crocodiles
  12 big kobolds
  23 giant frogs
  A wyvern skeleton (D:6)
  3 scorpions
  A killer bee (D:12)
  5 howler monkeys
  4 electric eels
  10 crimson imps
  4 lava snakes (Volcano)
  4 giant frog zombies
  4 quasits
  9 jellies
  32 orc priests
  9 hounds
  45 orc wizards
  2 giant frog skeletons
  8 centaur skeletons
  12 iguanas
  11 worker ants
  3 polar bear simulacra (D:11)
  5 yak simulacra (D:11)
  2 wolf simulacra (D:11)
  34 sheep
  3 hound zombies
  A hound skeleton (D:5)
  A worker ant zombie (D:5)
  5 gnolls
  3 howler monkey skeletons
  29 river rats
  16 adders
  2 shadow imps
  12 white imps (Lair:3)
  14 oozes
  2 worms
  A dart slug (D:3)
  8 giant geckos
  112 orcs
  3 ball pythons
  9 giant cockroaches
  3 goblins
  6 hobgoblins
  21 jackals
  21 kobolds
  6 quokkas
  5 bats
  6 giant newts
  2 quokka skeletons
  A quokka zombie (D:5)
  14 rats
  A river rat simulacrum (D:11)
  3 bushes (Lair:8)
  14 fungi
  10 plants
  2 tentacles (Shoals:4)
1477 creatures vanquished.

Vanquished Creatures (collateral kills)
  Arachne (Spider:2)
  An acid blob (Lair:8)
  2 ghost moths
  3 emperor scorpions
  A merfolk javelineer (Shoals:2)
  2 merfolk impalers
  A hydra (Lair:4)
  2 entropy weavers
  A catoblepas (Shoals:1)
  A merfolk aquamancer (Shoals:4)
  A merfolk avatar (Shoals:4)
  11 orb spiders
  2 wolf spiders
  2 fauns
  A siren (Shoals:2)
  A toenail golem (Volcano)
  A spiny frog (Lair:1)
  A molten gargoyle (Volcano)
  5 jumping spiders
  A wind drake (Shoals:4)
  5 merfolk
  A snapping turtle (Shoals:2)
  A slime creature (Lair:8)
  5 starcursed masses (Abyss:2)
  A redback (Spider:4)
  A golden eye (Abyss:2)
  A fire elemental (Volcano)
  A warg (Orc:2)
  A hell hound (Volcano)
  5 orc warriors (Orc:2)
  An ogre (Orc:2)
  2 orc priests (Orc:2)
  A river rat (Lair:4)
  5 orcs (Orc:2)
  A tentacle (Shoals:4)
73 creatures vanquished.

Vanquished Creatures (others)
  A merfolk aquamancer (Shoals:4)
  An ice devil (Abyss:2)
  A wasp (Spider:4)
  An orc priest (D:13)
  20 fungi
  22 plants
  14 tentacles (Shoals:4)
  258 tentacle segments (Shoals:4)
318 creatures vanquished.

Grand Total: 1868 creatures vanquished

Notes
Turn   | Place    | Note
--------------------------------------------------------------
     0 | D:1      | Eucla the Hill Orc Berserker began the quest for the Orb.
     0 | D:1      | Reached XP level 1. HP: 19/19 MP: 1/1
   115 | D:1      | Reached XP level 2. HP: 25/27 MP: 2/2
   320 | D:1      | Reached skill level 5 in Axes
   547 | D:2      | Reached ** piety under Trog
   608 | D:2      | Reached XP level 3. HP: 29/33 MP: 3/3
   894 | D:2      | Found a burning altar of Makhleb.
   901 | D:2      | Reached XP level 4. HP: 32/41 MP: 4/4
   910 | D:2      | Found a bloodstained altar of Trog.
   912 | D:2      | Found a basalt altar of Yredelemnul.
   912 | D:2      | Found a snail-covered altar of Cheibriados.
   914 | D:2      | Found a shadowy altar of Dithmenos.
   971 | D:2      | Reached skill level 6 in Axes
  1496 | D:3      | Reached *** piety under Trog
  1552 | D:3      | Found a glowing silver altar of Zin.
  1585 | D:3      | Reached XP level 5. HP: 43/47 MP: 5/5
  2047 | D:4      | Noticed an ogre
  2053 | D:4      | Noticed an ogre
  2056 | D:4      | Reached skill level 5 in Fighting
  2060 | D:4      | Killed an ogre
  2060 | D:4      | Reached skill level 7 in Axes
  2060 | D:4      | Reached XP level 6. HP: 56/56 MP: 6/6
  2072 | D:4      | Reached skill level 8 in Axes
  2137 | D:4      | Found Ruattil's General Store.
  2145 | D:4      | Bought a scroll of magic mapping for 45 gold pieces
  2145 | D:4      | Bought a scroll of identify for 26 gold pieces
  2220 | D:4      | Reached **** piety under Trog
  2285 | D:4      | Reached XP level 7. HP: 44/63 MP: 7/7
  2703 | D:4      | Reached skill level 9 in Axes
  3006 | D:4      | Found Tetyaray's Distillery.
  3018 | D:4      | Bought a potion of curing for 36 gold pieces
  3018 | D:4      | Bought a potion of lignification for 36 gold pieces
  3143 | D:5      | Entered Level 5 of the Dungeon
  3150 | D:5      | Found a blossoming altar of Fedhas.
  3397 | D:5      | Reached skill level 10 in Axes
  3409 | D:5      | Found a blossoming altar of Fedhas.
  3415 | D:5      | Noticed Sigmund
  3425 | D:5      | Killed Sigmund
  3425 | D:5      | Reached XP level 8. HP: 73/73 MP: 8/8
  3469 | D:5      | Found a staircase to the Ecumenical Temple.
  3641 | D:5      | Gained mutation: You have large cloven feet. [mutagenic meat]
  3642 | D:5      | Gained mutation: Your body sometimes deteriorates upon taking damage. [mutagenic meat]
  3643 | D:5      | Gained mutation: You occasionally shout uncontrollably at your foes. [mutagenic meat]
  3644 | D:5      | Gained mutation: You are partially covered in rugged brown scales (AC +1, +3% HP). [mutagenic meat]
  3685 | D:5      | Reached skill level 11 in Axes
  4208 | D:6      | Reached skill level 12 in Axes
  4209 | D:6      | Reached ***** piety under Trog
  4328 | D:6      | Reached XP level 9. HP: 72/84 MP: 9/9
  4411 | D:6      | Noticed wxf's ghost (novice MiFi)
  4428 | D:6      | Killed wxf's ghost
  4428 | D:6      | Reached skill level 13 in Axes
  4617 | D:6      | Found a glowing drain.
  4962 | D:6      | Reached skill level 14 in Axes
  5258 | D:7      | Received a gift from Trog
  5405 | D:7      | Found a blossoming altar of Fedhas.
  5716 | D:7      | Reached XP level 10. HP: 58/95 MP: 3/10
  5777 | D:7      | Reached skill level 10 in Fighting
  6009 | D:8      | Found a sparkling altar of Nemelex Xobeh.
  6011 | D:8      | Reached skill level 15 in Axes
  6083 | D:8      | Noticed Erica
  6096 | D:8      | Killed Erica
  6131 | D:8      | Noticed Grum
  6147 | D:8      | Killed Grum
  6377 | D:8      | Found a staircase to the Lair.
  6455 | D:8      | Noticed Psyche
  6468 | D:8      | Killed Psyche
  6468 | D:8      | Reached skill level 16 in Axes
  6982 | D:9      | Received a gift from Trog
  7121 | D:9      | Found Asuenut's Assorted Antiques.
  7145 | D:9      | Bought a potion of curing for 99 gold pieces
  7145 | D:9      | Bought a glowing orange potion for 29 gold pieces
  7145 | D:9      | Bought a scroll labeled GUWAPS JE PAO for 33 gold pieces
  7316 | D:9      | Reached XP level 11. HP: 82/105 MP: 3/11
  7568 | D:10     | Entered Level 10 of the Dungeon
  7591 | D:10     | Noticed Josephine
  7607 | D:10     | Killed Josephine
  7607 | D:10     | Reached skill level 17 in Axes
  7678 | D:10     | Noticed an oklob plant
  7750 | D:10     | Killed an oklob plant
  7840 | D:10     | Found a staircase to the Orcish Mines.
  7886 | D:10     | Noticed Maud
  7896 | D:10     | Killed Maud
  7896 | D:10     | Reached skill level 18 in Axes
  7958 | D:10     | Noticed a hill giant
  7968 | D:10     | Killed a hill giant
  7968 | D:10     | Received a gift from Trog
  8258 | Lair:1   | Entered Level 1 of the Lair of Beasts
  8702 | Lair:1   | Reached XP level 12. HP: 22/118 MP: 4/12
  8708 | Lair:1   | HP: 6/177 [spiny frog (6)]
  8713 | Lair:1   | HP: 6/177 [spiny frog (4)]
  9153 | Lair:1   | Gained mutation: Scrolls take you a little longer to read. [potion of mutation]
  9153 | Lair:1   | Gained mutation: You are occasionally teleported next to monsters. [potion of mutation]
  9153 | Lair:1   | Gained mutation: You are robust (+10% HP). [potion of mutation]
  9157 | Lair:1   | Lost mutation: Scrolls take you a little longer to read. [potion of cure mutation]
  9157 | Lair:1   | Lost mutation: You are robust (+10% HP). [potion of cure mutation]
  9157 | Lair:1   | Lost mutation: Your body sometimes deteriorates upon taking damage. [potion of cure mutation]
  9157 | Lair:1   | Lost mutation: You are partially covered in rugged brown scales (AC +1, +3% HP). [potion of cure mutation]
  9158 | Lair:1   | Lost mutation: You are occasionally teleported next to monsters. [potion of cure mutation]
  9158 | Lair:1   | Lost mutation: You have large cloven feet. [potion of cure mutation]
  9158 | Lair:1   | Lost mutation: You occasionally shout uncontrollably at your foes. [potion of cure mutation]
  9293 | Lair:1   | Reached skill level 19 in Axes
 10023 | Lair:2   | Noticed Gastronok
 10039 | Lair:2   | Killed Gastronok
 10623 | Lair:3   | Reached skill level 20 in Axes
 10655 | Lair:3   | Found a frozen archway.
 10666 | Lair:3   | Received a gift from Trog
 10686 | IceCv    | Entered an ice cave
 10697 | IceCv    | Reached ****** piety under Trog
 11217 | IceCv    | Noticed an ice dragon
 11218 | IceCv    | Noticed an ice dragon
 11229 | IceCv    | Killed an ice dragon
 11233 | IceCv    | Killed an ice dragon
 11628 | Lair:3   | Reached XP level 13. HP: 113/124 MP: 4/13
 11797 | Lair:3   | Found a hole to the Spider Nest.
 11974 | Lair:3   | Found a staircase to the Shoals.
 11995 | Lair:3   | Reached skill level 21 in Axes
 12841 | Lair:4   | Received a gift from Trog
 12919 | Lair:4   | Found an oddly glowing altar of Pakellas.
 13292 | Lair:4   | Reached skill level 15 in Fighting
 14046 | Lair:5   | Reached skill level 22 in Axes
 15817 | Lair:7   | Reached XP level 14. HP: 128/135 MP: 4/14
 15917 | Lair:7   | Received a gift from Trog
 15922 | Lair:7   | Reached skill level 23 in Axes
 16188 | Lair:7   | Found a bloodstained altar of Trog.
 16499 | Lair:8   | Entered Level 8 of the Lair of Beasts
 16918 | Lair:8   | Found a runed door.
 17181 | Lair:8   | Reached skill level 24 in Axes
 17265 | Lair:8   | Found a viscous altar of Jiyva.
 17266 | Lair:8   | Found a staircase to the Slime Pits.
 17266 | Lair:8   | Noticed an acid blob
 17274 | Lair:8   | HP: 5/135 [acid (6)]
 17275 | Lair:8   | Killed an acid blob
 18144 | Lair:8   | Received a gift from Trog
 18238 | Lair:8   | Reached skill level 25 in Axes
 18324 | Lair:8   | Reached XP level 15. HP: 84/141 MP: 15/15
 18825 | Orc:1    | Entered Level 1 of the Orcish Mines
 19149 | Orc:1    | Noticed an orc warlord
 19166 | Orc:1    | Killed an orc warlord
 19276 | Orc:1    | Received a gift from Trog
 19542 | Orc:2    | Entered Level 2 of the Orcish Mines
 19555 | Orc:2    | Found a staircase to the Elven Halls.
 19574 | Orc:2    | Reached skill level 26 in Axes
 19599 | Orc:2    | Found a bloodstained altar of Trog.
 19656 | Orc:2    | Found a dark tunnel.
 19804 | Volcano  | Entered a volcano
 19991 | Volcano  | Found a radiant altar of Vehumet.
 20306 | Orc:2    | Noticed Rupert
 20323 | Orc:2    | Killed Rupert
 20340 | Orc:2    | Found a roughly hewn altar of Beogh.
 20359 | Orc:2    | Found Xisiung's Magic Scroll Shop.
 20365 | Orc:2    | Bought a scroll of blinking for 105 gold pieces
 20365 | Orc:2    | Bought a scroll of enchant weapon for 105 gold pieces
 20365 | Orc:2    | Bought a scroll of teleportation for 42 gold pieces
 20365 | Orc:2    | Bought a scroll of recharging for 133 gold pieces
 20452 | Orc:2    | Noticed Saint Roka
 20462 | Orc:2    | Received a gift from Trog
 20470 | Orc:2    | Killed Saint Roka
 20539 | Orc:2    | Found a roughly hewn altar of Beogh.
 20613 | Orc:2    | Found a roughly hewn altar of Beogh.
 20613 | Orc:2    | Found Etuezoh's Antique Armour Shop.
 20636 | Orc:2    | Bought a glowing hat for 124 gold pieces
 20636 | Orc:2    | Bought a glowing helmet for 139 gold pieces
 20772 | Orc:2    | Found a roughly hewn altar of Beogh.
 21085 | Orc:2    | Noticed an orc warlord
 21091 | Orc:2    | Received a gift from Trog
 21102 | Orc:2    | Killed an orc warlord
 21113 | Orc:2    | Found Zidemouch's Antique Weapon Emporium.
 21116 | Orc:2    | Found a roughly hewn altar of Beogh.
 21125 | Orc:2    | Found Qatwep's Antique Armour Shoppe.
 21462 | Orc:2    | Found a roughly hewn altar of Beogh.
 21533 | Orc:2    | Found a roughly hewn altar of Beogh.
 21655 | Orc:2    | Found a roughly hewn altar of Beogh.
 21992 | D:11     | Noticed Xorxand's ghost (journeyman MiBe)
 22007 | D:11     | Killed Xorxand's ghost
 22383 | D:11     | Found Maxumoam's General Store.
 22388 | D:11     | Bought a scroll of blinking for 97 gold pieces
 22388 | D:11     | Bought a potion of resistance for 130 gold pieces
 22388 | D:11     | Bought a scroll of remove curse for 39 gold pieces
 22388 | D:11     | Bought 3 scrolls of recharging for 370 gold pieces
 22388 | D:11     | Bought a bread ration for 65 gold pieces
 22388 | D:11     | Bought a scroll of identify for 26 gold pieces
 22680 | D:12     | Received a gift from Trog
 22734 | D:12     | Found a glowing golden altar of the Shining One.
 22849 | D:12     | Reached XP level 16. HP: 61/151 MP: 16/16
 23268 | D:12     | Found a shimmering altar of Xom.
 23280 | D:12     | Reached skill level 5 in Armour
 23451 | D:12     | Found Neisur's Book Shoppe.
 23868 | D:13     | Received a gift from Trog
 23946 | D:13     | Found a gate to the Vaults.
 23980 | D:13     | Noticed Erolcha
 23981 | D:13     | Noticed Kirke
 23983 | D:13     | Killed Erolcha
 23992 | D:13     | Reached skill level 5 in Dodging
 23995 | D:13     | Killed Kirke
 24052 | D:13     | Noticed Sonja
 24076 | D:13     | Killed Sonja
 24653 | D:14     | Paralysed by a vampire for 4 turns
 24660 | D:14     | Received a gift from Trog
 24682 | D:14     | Cast into level 2 of the Abyss (a wizard)
 24832 | Abyss:2  | Found a stormy altar of Qazlal.
 25222 | D:14     | Escaped the Abyss
 25599 | D:14     | Noticed Roxanne
 25731 | D:14     | Killed Roxanne
 25783 | D:14     | Reached XP level 17. HP: 101/160 MP: 17/17
 26280 | D:14     | Noticed Agnes
 26289 | D:14     | Killed Agnes
 26426 | D:15     | Entered Level 15 of the Dungeon
 26493 | D:15     | Received a gift from Trog
 26503 | D:15     | Reached skill level 10 in Armour
 27129 | D:15     | Found an oddly glowing altar of Pakellas.
 27474 | D:15     | Found a staircase to the Depths.
 27734 | Spider:1 | Entered Level 1 of the Spider Nest
 27933 | Spider:1 | Received a gift from Trog
 29114 | Spider:2 | Noticed Arachne
 29147 | Spider:2 | Killed Arachne
 29147 | Spider:2 | Received a gift from Trog
 29532 | Spider:2 | Reached XP level 18. HP: 170/170 MP: 18/18
 30095 | Spider:3 | Received a gift from Trog
 30095 | Spider:3 | Reached skill level 10 in Dodging
 30100 | Spider:3 | Got a smoking battleaxe {god gift}
 30101 | Spider:3 | Identified the +1 battleaxe of Trog's Condemnation {flame, rElec MR++ Dex-3 Stlth+} (Trog gifted it to you on level 3 of the Spider Nest)
 31703 | Spider:3 | Received a gift from Trog
 31874 | Spider:4 | Entered Level 4 of the Spider Nest
 32622 | Spider:4 | Received a gift from Trog
 34470 | Spider:4 | Received a gift from Trog
 34898 | Spider:4 | Got a gossamer rune of Zot
 34978 | Spider:4 | Reached XP level 19. HP: 158/180 MP: 19/19
 35175 | Shoals:1 | Entered Level 1 of the Shoals
 35822 | Shoals:1 | Received a gift from Trog
 36105 | Shoals:2 | Found Soyxag's Gadget Boutique.
 36130 | Shoals:2 | Bought a plain deck of wonders for 252 gold pieces
 36130 | Shoals:2 | Bought a plain deck of wonders for 252 gold pieces
 36130 | Shoals:2 | Gained mutation: Your natural rate of healing is unusually fast. [helix card]
 36437 | Shoals:2 | Noticed Polyphemus
 36801 | Shoals:1 | HP: 8/181 [catoblepas[Polyphemus] (22)]
 37153 | Shoals:2 | Killed Polyphemus
 37485 | Shoals:2 | Received a gift from Trog
 37509 | Shoals:2 | Got a scorched bone ring
 37514 | Shoals:2 | Identified the cursed ring "Lada" {Str-3 SInv Stlth+} (You found it on level 2 of the Shoals)
 38153 | Shoals:2 | Reached skill level 15 in Armour
 38669 | Shoals:3 | Gained mutation: You are partially covered in rough black scales (AC +4, Dex -1). [potion of beneficial mutation]
 38670 | Shoals:3 | Gained mutation: You are partially covered in molten scales (AC +1). [potion of beneficial mutation]
 38795 | Shoals:3 | Got a distressingly furry plate armour
 38796 | Shoals:3 | Identified the +10 plate armour "Sous" {Stlth+} (You found it on level 3 of the Shoals)
 38979 | Shoals:3 | Received a gift from Trog
 39345 | Shoals:4 | Entered Level 4 of the Shoals
 39367 | Shoals:4 | HP: 7/181 [merfolk aquamancer/shard of ice (26)]
 39370 | Shoals:4 | Noticed Ilsuiw
 39379 | Shoals:4 | Found Wesin's Distillery.
 39605 | Shoals:4 | Found Zoconox's Antique Armour Boutique.
 39693 | Shoals:4 | Found Duemuph's Weapon Shoppe.
 39721 | Shoals:4 | HP: 9/182 [poisoned by a merfolk aquamancer]
 39723 | Shoals:4 | HP: 4/182 [poisoned by a merfolk aquamancer]
 39724 | Shoals:4 | Got a barnacled rune of Zot
 39724 | Shoals:4 | Slain by a merfolk impaler

Skill      XL: |  1  2  3  4  5  6  7  8  9 10 11 12 13 14 15 16 17 18 19 |
---------------+----------------------------------------------------------+-----
Axes           | 5 6 7 8 10 12 14 16 18 20 22 25 26 | 26.8
Fighting       | 4 5 6 7 8 9 11 13 14 15 16 17 18 19 | 19.0
Dodging        | 3 7 9 11 12 | 12.6
Armour         | 4 9 11 13 15 | 15.3

Action                   |  1- 3 |  4- 6 |  7- 9 | 10-12 | 13-15 | 16-18 | 19-21 || total
-------------------------+-------+-------+-------+-------+-------+-------+-------++-------
Melee: Hand axe          |   119 |   125 |   563 |       |       |       |       ||   807
       Battleaxe         |       |       |    39 |   573 |   708 |    20 |       ||  1340
       Executioner's axe |       |       |       |    76 |   497 |  1354 |   493 ||  2420
Invok: Berserk           |       |     3 |     4 |     9 |     8 |     7 |     1 ||    32
       Trog's Hand       |       |       |     2 |     1 |     1 |    10 |     2 ||    16
       Brothers in Arms  |       |       |       |     2 |     7 |     9 |     6 ||    24
       Burn Spellbooks   |       |       |       |     1 |     2 |     3 |       ||     6
Evoke: Wand              |       |       |       |       |       |     6 |       ||     6
       Lamp of fire      |       |       |       |       |       |     1 |     1 ||     2
       Phial of floods   |       |       |       |       |       |     1 |     1 ||     2
       Deck              |       |       |       |       |       |       |     2 ||     2
  Use: Potion            |       |       |       |    22 |     3 |     1 |     6 ||    32
       Scroll            |       |       |       |    26 |    12 |    20 |    19 ||    77
 Stab: Sleeping          |     1 |       |       |       |       |       |       ||     1
       Distracted        |       |       |       |       |     1 |       |       ||     1
       Petrified         |       |       |       |       |       |       |     2 ||     2
  Eat: Chunk             |       |     7 |    13 |     2 |    10 |     3 |       ||    35
       Fruit             |       |       |     3 |     8 |     7 |     2 |     2 ||    22
       Pizza             |       |       |     2 |     8 |     1 |     1 |       ||    12
       Meat ration       |       |       |     1 |       |     5 |     5 |     2 ||    13
       Beef jerky        |       |       |       |     3 |     3 |       |       ||     6
       Royal jelly       |       |       |       |     1 |       |     1 |       ||     2
       Bread ration      |       |       |       |       |     1 |     4 |     1 ||     6
Armor: Animal skin       |    11 |       |       |       |       |       |       ||    11
       Chain mail        |    26 |    60 |   305 |       |   502 |       |       ||   893
       Plate armour      |       |       |     6 |   342 |   307 |  1272 |   467 ||  2394
       Skin              |       |       |       |    18 |       |       |       ||    18
Dodge: Dodged            |    73 |    54 |   177 |   135 |   394 |   852 |   390 ||  2075
